AoeStats
← ajanderson120

Arabia

510626828Analyzed
4v4 RM · 2d ago on Oct 1, 2026· 57m 16s· 8 players
Game mode
Random Map
Map size
Large (8 player)
Population
200
Speed
Normal
Resources
Standard
Victory
Conquest
Starting age
Dark Age
Ending age
Imperial Age
RankedLock teamsTeams togetherTeam positionsShared explorationLock speedFull tech treeHidden civsTurbo modeCheats
Victory
Defeat
🇺🇸 Koreans · United States
1175
+16
🇲🇽 Saracens · Mexico
1166
+16
🇪🇸 Bohemians · Spain
1139
+17
🇧🇷 Franks · Brazil
1137
+17
🇻🇪 Varangians · Venezuela
1315
-22
🇨🇴 Italians · Colombia
1147
-34
🇨🇴 Ethiopians · Colombia
1126
-15
🇨🇱 Magyars · Chile
1084
-13
ajanderson120
7:39 Loom
10:35 Feudal Age
17:43 Fletching
21:14 Double-Bit Axe
28:35 Castle Age
26:42 Stone Mining
27:21 Gold Mining
29:12 Crossbowman
29:50 Bodkin Arrow
31:43 Thumb Ring
34:27 Bow Saw
36:22 Horse Collar
41:35 Ballistics
42:07 Murder Holes
43:22 Eupseong
47:20 Wheelbarrow
49:07 Hand Cart
49:04 Heavy Plow
50:17 Gold Shaft Mining
54:03 Imperial Age
51:01 Elite Skirmisher
52:41 Stone Shaft Mining
51:57 Treadmill Crane
52:27 Masonry
55:08 Conscription
55:51 Chemistry
55:38 Bracer
55:40 Scale Mail Armor
55:51 Forging
55:03 Arbalester
56:21 Spies/Treason
TheLawRøcK®
9:33 Feudal Age
20:43 Castle Age
18:51 Gold Mining
20:02 Double-Bit Axe
20:27 Scale Barding Armor
21:48 Wheelbarrow
22:33 Husbandry
24:10 Hand Cart
29:11 Bow Saw
30:15 Forging
36:26 Stone Mining
37:15 Chain Barding Armor
37:31 Iron Casting
38:45 Gold Shaft Mining
44:00 Imperial Age
44:06 Cavalier
46:16 Plate Barding Armor
46:42 Blast Furnace
46:07 Paladin
46:53 Fletching
50:29 Bodkin Arrow
57:39 Conscription
SamJ
8:08 Loom
10:43 Feudal Age
15:37 Castle Age
14:14 Double-Bit Axe
44:21 Wagenburg Tactics
49:05 Imperial Age
48:46 Wheelbarrow
49:05 Pikeman
49:43 Elite Hussite Wagon
52:32 Hand Cart
Zamarrypa
5:55 Loom
9:31 Feudal Age
13:20 Fletching
25:59 Castle Age
24:59 Double-Bit Axe
26:03 Crossbowman
26:40 Bodkin Arrow
34:03 Ballistics
44:09 Imperial Age
44:22 Arbalester
45:51 Bracer
51:19 Chemistry
aurelio
6:02 Loom
8:54 Feudal Age
9:30 Double-Bit Axe
17:03 Scale Barding Armor
22:15 Castle Age
22:10 Forging
22:12 Bloodlines
21:53 Fletching
21:46 Horse Collar
21:57 Gold Mining
23:25 Chain Barding Armor
23:42 Iron Casting
23:38 Husbandry
24:55 Bow Saw
24:50 Heavy Plow
34:37 Vendel Legacy
42:02 Imperial Age
42:13 Cavalier
45:05 Plate Barding Armor
50:03 Two-Man Saw
49:42 Wheelbarrow
Edwin3li21
12:19 Feudal Age
AG ALEXKNG1
12:49 Feudal Age
13:57 Loom
13:44 Man-at-Arms
15:46 Horse Collar
16:00 Double-Bit Axe
17:53 Fletching
21:58 Padded Archer Armor
29:12 Castle Age
29:11 Gold Mining
29:19 Crossbowman
30:06 Bodkin Arrow
33:48 Heavy Plow
38:12 Wheelbarrow
37:22 Town Watch
38:01 Town Watch
43:39 Town Patrol
46:11 Thumb Ring
47:14 Stone Mining
47:59 Gold Shaft Mining
49:58 Imperial Age
47:48 Hand Cart
49:13 Stone Shaft Mining
49:16 Forging
49:14 Scale Barding Armor
50:12 Leather Archer Armor
50:28 Bow Saw
50:51 Heavy Camel Rider
51:32 Husbandry
50:59 Arbalester
51:47 Bracer
53:29 Two-Man Saw
54:07 Chemistry
53:28 Ballistics
54:49 Conscription
55:47 Chain Barding Armor
AG_Granadictos24
8:09 Loom
10:36 Feudal Age
11:27 Double-Bit Axe
18:09 Horse Collar
23:32 Scale Barding Armor
25:35 Castle Age
28:45 Bloodlines
31:08 Gold Mining
34:25 Pikeman
43:46 Elite Skirmisher
49:02 Wheelbarrow
53:42 Fletching
Connection lost

Rejoining the realm…

Still unreachable

The connection could not be restored.

Session expired

The server has moved on; the page needs a fresh start.